 Dungeon Crawl Stone Soup version 0.23-a0-419-g0174fd8 (webtiles) character file.

45644 Tooki the Eclecticist (level 14, -2/74 HPs)
             Began as a Deep Elf Wizard on Nov 13, 2018.
             Was an Elder of Sif Muna.
             Slain by a komodo dragon (15 damage)
             ... on level 6 of the Lair of Beasts on Nov 14, 2018.
             The game lasted 01:43:05 (22486 turns).

Tooki the Eclecticist (Deep Elf Wizard)            Turns: 22486, Time: 01:43:06

Health: -2/74      AC: 13    Str:  4    XL:     14   Next: 1%
Magic:  20/44      EV: 15    Int: 29    God:    Sif Muna [****..]
Gold:   1312       SH:  0    Dex: 13    Spells: 9/43 levels left

rFire    + . .     SeeInvis .   q - +2 dagger (venom)
rCold    . . .     Gourm    .   (no shield)
rNeg     . . .     Faith    .   U - +1 leather armour {rF+}
rPois    +         Spirit   .   b - +0 hat
rElec    +         Reflect  .   y - +4 cloak "Efumputu" {rElec}
rCorr    .         Harm     .   u - +0 pair of gloves
MR       +....                  f - +1 pair of boots {Fly}
Stlth    ++........             D - amulet of magic regeneration
HPRegen  0.22/turn              F - ring of magical power
MPRegen  0.54/turn              z - ring of poison resistance

@: flying, divine energy
A: horns 1, robust 1, sturdy frame 1
a: Stop Divine Energy, Channel Magic, Forget Spell, Renounce Religion, Stop
Flying


You were on level 6 of the Lair of Beasts.
You worshipped Sif Muna.
Sif Muna was greatly pleased with you.
You were not hungry.

You visited 3 branches of the dungeon, and saw 18 of its levels.
You also visited: Volcano.

You collected 1312 gold pieces.

Inventory:

Hand Weapons
 l - a +3 hand axe of electrocution
 q - a +2 dagger of venom (weapon)
 r - a +4 flail of freezing
 H - a +0 scimitar of flaming
 K - a +4 morningstar
Missiles
 i - 3 throwing nets (quivered)
Armour
 b - a +0 hat (worn)
 f - a +1 pair of boots of flying (worn)
 k - a +4 ring mail
 s - a +1 helmet
 u - a +0 pair of gloves (worn)
 y - the +4 cloak "Efumputu" (worn) {rElec}
   (You found it on level 4 of the Dungeon)

   It insulates you from electricity.
 B - +2 acid dragon scales
 P - a +0 troll leather armour
 R - a +2 ring mail of cold resistance
 U - a +1 leather armour of fire resistance (worn)
 Y - a +0 buckler of reflection
Jewellery
 c - an uncursed ring of resist corrosion
 e - an uncursed amulet of harm {unknown}
 z - a ring of poison resistance (right hand)
 D - an amulet of magic regeneration (around neck)
 F - a ring of magical power (left hand)
 I - an uncursed ring of ice
 W - an uncursed ring of fire
Wands
 g - a wand of digging (12)
 t - a wand of flame (29)
 C - a wand of polymorph (24)
 G - a wand of disintegration (3)
 L - a wand of iceblast (4)
 N - a wand of paralysis (19)
Scrolls
 j - 3 scrolls of teleportation
 n - 3 scrolls of immolation
 p - 3 scrolls of magic mapping
 A - a scroll of fear
 M - 6 scrolls of remove curse
 O - 2 scrolls of enchant weapon
 S - a scroll of summoning {unknown}
Potions
 h - a potion of mutation
 m - 3 potions of brilliance
 o - 2 potions of flight
 v - 4 potions of lignification
 w - 3 potions of ambrosia
 x - 5 potions of berserk rage
 E - a potion of magic
 J - 2 potions of invisibility
 Q - 2 potions of curing
 T - a potion of resistance
 X - 4 potions of might
Miscellaneous
 Z - a phial of floods
Comestibles
 d - 26 rations


   Skills:
 - Level 4.1 Armour
 + Level 7.8 Dodging
 - Level 2.4 Stealth
 - Level 15.0 Spellcasting
 + Level 12.2 Conjurations
 - Level 9.0 Hexes
 - Level 1.1 Summonings
 - Level 1.1 Translocations
 + Level 12.2 Fire Magic
 - Level 10.4 Invocations
 - Level 5.0 Evocations


You had 9 spell levels left.
You knew the following spells:

 Your Spells              Type           Power        Failure   Level  Hunger
a - Apportation           Tloc           ####..       1%          1    None
b - Blink                 Tloc           N/A          2%          2    None
c - Call Imp              Summ           ####....     2%          2    None
d - Slow                  Hex            ######..     1%          2    None
e - Conjure Flame         Conj/Fire      #######.     1%          3    None
f - Mephitic Cloud        Conj/Pois/Air  #####...     1%          3    None
g - Magic Dart            Conj           ####         0%          1    None
h - Animate Skeleton      Necr           N/A          2%          1    None
i - Ensorcelled Hibernat  Hex/Ice        #####.       1%          2    None
j - Confuse               Hex            ######..     1%          3    None
k - Dazzling Spray        Conj/Hex       ######       1%          3    None
l - Tukima's Dance        Hex            ######..     1%          3    None
m - Sticky Flame          Conj/Fire      #######.     1%          4    None
n - Iskenderun's Mystic   Conj           #######.     1%          4    None

Your spell library contained the following spells:

 Spells                   Type           Power        Failure   Level  Hunger
 Confusing Touch          Hex            ######       1%          1    None
 Corona                   Hex            ######.      1%          1    None
 Shock                    Conj/Air       ####         1%          1    None
 Summon Small Mammal      Summ           ####         1%          1    None
 Static Discharge         Conj/Air       ######..     1%          3    None
 Force Lance              Conj/Tloc      ######..     1%          4    None
 Throw Icicle             Conj/Ice       ######..     1%          4    None
 Pain                     Necr           ###.         2%          1    None
 Swiftness                Chrm/Air       ###.....     3%          2    None
 Leda's Liquefaction      Hex/Erth       #####.....   3%          4    None
 Lightning Bolt           Conj/Air       ######....   5%          5    None
 Regeneration             Chrm/Necr      ###.......   8%          3    None
 Vampiric Draining        Necr           ###.......   8%          3    None
 Airstrike                Air            ###.......   24%         4    None
 Animate Dead             Necr           N/A          24%         4    None
 Ice Form                 Ice/Tmut       ###.....     24%         4    None


Dungeon Overview and Level Annotations

Branches:
Dungeon (11/15)            Temple (1/1) D:6            Lair (6/6) D:11
 Shoals (0/4) Lair:3        Snake (0/4) Lair:4        Slime (0/5) Lair:5
    Orc (0/2) D:9

Altars:
Ashenzari
Cheibriados
Dithmenos
Elyvilon
Fedhas
Gozag
Hepliaklqana
Kikubaaqudgha
Makhleb
Nemelex Xobeh
Okawaru
Qazlal
Ru
Sif Muna
Trog
Uskayaw
Vehumet
Wu Jian
Xom
Yredelemnul
Zin
The Shining One

Shops:
D:8 %   D:11 :

Annotations:
D:3 2 transporters
D:4 exclusion: statue
D:5 1 runed door, TheNamelessOne's ghost, novice HaFi
Lair:1 exclusion: 2 oklob plants


Innate Abilities, Weirdness & Mutations

You have a pair of small horns on your head.
You are robust. (+10% HP)
Your movements are slightly less encumbered by armour. (ER -2)


Message History

The komodo dragon burns!
The komodo dragon closely misses you.
The komodo dragon burns!
The fire dragon breathes flames at you.
The blast of flame hits the plant.
The plant is destroyed!
The blast of flame hits you! You resist.
* * * LOW HITPOINT WARNING * * *
The komodo dragon burns!
The komodo dragon burns!
The komodo dragon burns!
You see here 31 gold pieces.
The komodo dragon burns!
The komodo dragon burns!
The komodo dragon burns!
The flames covering the komodo dragon go out.
The komodo dragon stops burning.
The komodo dragon closely misses you. The komodo dragon barely misses you.
The komodo dragon bites you!
You die...

........#
♣♣.≈♣♣.♣..≈..♣♣P≈≈≈.♣
........#
♣..≈≈♣♣♣..≈≈♣♣.≈≈≈≈≈♣
P..#....#
♣♣.♣≈♣♣..≈≈♣♣♣.≈≈≈≈≈♣
#...##..#
♣..♣.÷♣♣≈≈P♣♣.≈≈≈≈≈.♣
.#.P#####
♣♣.♣♣≈≈≈≈.♣♣♣♣..≈≈≈≈♣
#....#
♣P.P≈≈♣.♣♣/.$.≈≈≈≈.♣
...###
♣...P≈≈♣♣♣[).≈≈≈..♣♣
.##.#
♣♣.♣.♣.♣♣..%..≈≈..♣
.####
♣♣..@l♣♣♣%/..≈..♣♣♣
## ♣..P≈≈♣♣$.$.≈≈≈.?♣
# ♣♣..≈.≈♣♣♣..≈≈≈..♣
♣♣..P.≈♣♣≈≈≈≈.♣♣♣
♣♣♣..D≈♣♣≈≈..♣
♣♣..≈≈≈.P.♣♣
♣..≈≈≈..♣♣ ♣♣♣.≈♣.♣♣
♣♣♣♣♣♣


You could see a fire dragon and a komodo dragon.

Vanquished Creatures
  Rupert (Lair:3)
  A red draconian (Volcano)
  A hydra (Lair:1)
  Erica (D:8)
  An ogre mage (D:11)
  5 two-headed ogres
  5 death yaks
  2 alligators
  A tengu warrior (D:11)
  Urug (Lair:3)
  Sonja (Lair:3)
  2 swamp dragons
  An unseen horror (D:10)
  A manticore (D:11)
  3 elephants
  2 merfolk sirens (Lair:3)
  Joseph (D:7)
  4 black mambas
  10 spiny frogs
  A gargoyle (D:11)
  A centaur skeleton (D:10)
  4 rime drakes
  An efreet (D:11)
  4 komodo dragons
  2 merfolk (Lair:3)
  3 trolls
  Grinder (D:5)
  5 hippogriffs
  A polar bear (Lair:6)
  Prince Ribbit (D:8)
  4 hornets
  16 blink frogs
  3 slime creatures
  10 yaks
  2 wyverns
  5 basilisks
  4 nagas (Lair:4)
  2 wargs (D:11)
  6 swamp worms (Lair:4)
  3 acid dragons (Lair:6)
  13 water moccasins
  5 porcupines
  2 swamp drakes
  2 orc warriors
  A black bear (D:7)
  2 sky beasts
  6 ice beasts
  A necrophage (D:11)
  A slave (D:6)
  2 phantoms
  4 wolves (Lair:5)
  6 ogres
  7 centaurs
  13 crocodiles
  14 bullfrogs
  2 big kobolds
  A water moccasin zombie (D:5)
  A wyvern skeleton (D:6)
  3 scorpions
  10 killer bees
  7 wights
  An electric eel (Lair:5)
  3 bullfrog zombies
  8 crimson imps
  6 howler monkeys
  3 centaur zombies
  A quasit (D:7)
  8 hounds
  10 orc wizards
  5 jellies
  9 orc priests
  A bullfrog skeleton (D:5)
  An iron imp (D:5)
  4 iguanas
  3 worker ants (D:6)
  2 hound skeletons
  2 howler monkey zombies (D:7)
  13 adders
  3 gnolls
  A howler monkey skeleton (D:11)
  2 shadow imps
  An ooze (D:5)
  3 adder skeletons
  An adder zombie (D:9)
  A worm (D:2)
  3 dart slugs
  7 leopard geckos
  40 orcs
  A ball python (D:4)
  3 giant cockroaches
  10 goblins
  8 hobgoblins
  7 jackals
  3 quokkas
  3 bats
  4 frilled lizards
  17 kobolds
  A leopard gecko skeleton (D:5)
  4 rats
  4 fungi
  A plant (Lair:6)
434 creatures vanquished.

Vanquished Creatures (collateral kills)
  Pikel (D:6)
  A sky beast (D:5)
  2 orc warriors
  A big kobold (D:11)
  A killer bee (D:8)
  A crimson imp (D:5)
  An orc wizard (D:5)
  A jelly (D:5)
  2 bullfrog skeletons
  2 worker ants
  A hound skeleton (D:5)
  Robin (D:2)
  2 adders
  A worm (D:2)
  4 orcs
  2 goblins (D:2)
  3 hobgoblins (D:2)
  3 jackals
  2 kobolds (D:3)
32 creatures vanquished.

Vanquished Creatures (others)
  A slave (D:6)
  An orc priest (D:6)
  2 orcs (D:6)
  14 fungi
  47 plants
  A withered plant (D:5)
66 creatures vanquished.

Grand Total: 532 creatures vanquished

Notes
Turn   | Place    | Note
-------+----------+-------------------------------------------
     0 | D:1      | Tooki the Deep Elf Wizard began the quest for the Orb.
     0 | D:1      | Reached XP level 1. HP: 10/10 MP: 7/7
   281 | D:1      | Reached skill level 5 in Spellcasting
   334 | D:1      | Reached XP level 2. HP: 7/15 MP: 7/10
  1046 | D:1      | Learned a level 2 spell: Blink
  1049 | D:1      | Learned a level 2 spell: Call Imp
  1053 | D:1      | Learned a level 2 spell: Slow
  1163 | D:2      | Reached XP level 3. HP: 19/19 MP: 6/12
  1249 | D:2      | Reached skill level 6 in Spellcasting
  1795 | D:2      | Noticed Robin
  1819 | D:2      | Killed Robin
  1820 | D:2      | Reached XP level 4. HP: 24/24 MP: 6/14
  1855 | D:2      | Learned a level 3 spell: Conjure Flame
  1859 | D:2      | Learned a level 3 spell: Mephitic Cloud
  1902 | D:2      | Reached skill level 7 in Spellcasting
  2250 | D:3      | Found a transporter.
  2298 | D:3      | Found an opulent altar of Gozag.
  2326 | D:3      | Found a sparkling altar of Nemelex Xobeh.
  2336 | D:3      | Found a transporter.
  2509 | D:3      | Found a bloodstained altar of Trog.
  2576 | D:3      | Found a glowing silver altar of Zin.
  2577 | D:3      | Noticed an angel
  2579 | D:3      | Found a shimmering altar of Xom.
  3063 | D:4      | Found a radiant altar of Vehumet.
  3063 | D:4      | Noticed a charred statue
  3107 | D:4      | Found an ancient bone altar of Kikubaaqudgha.
  3143 | D:4      | Got an encrusted cloak
  3149 | D:4      | Identified the +4 cloak "Efumputu" {rElec} (You found it on
                  | level 4 of the Dungeon)
  3339 | D:4      | Found a shattered altar of Ashenzari.
  3401 | D:4      | Reached skill level 8 in Spellcasting
  3401 | D:4      | Reached XP level 5. HP: 28/28 MP: 10/17
  3878 | D:5      | Entered Level 5 of the Dungeon
  3883 | D:5      | Noticed an ogre
  3965 | D:5      | Found a snail-covered altar of Cheibriados.
  3968 | D:5      | Noticed a sky beast
  4027 | D:5      | Killed a sky beast
  4027 | D:5      | Reached skill level 9 in Spellcasting
  4027 | D:5      | Reached XP level 6. HP: 24/32 MP: 1/20
  4112 | D:5      | Found a runed door.
  4112 | D:5      | Noticed TheNamelessOne's ghost (novice HaFi)
  4434 | D:5      | Noticed Grinder
  4441 | D:5      | Paralysed by Grinder for 2 turns
  4472 | D:5      | Reached skill level 10 in Spellcasting
  4494 | D:5      | Noticed an ice beast
  4859 | D:5      | Gained mutation: You are robust. (+10% HP) [potion of
                  | mutation]
  4859 | D:5      | Gained mutation: You have a pair of small horns on your
                  | head. [potion of mutation]
  4859 | D:5      | Gained mutation: Your movements are slightly less
                  | encumbered by armour. (ER -2) [potion of mutation]
  4869 | D:5      | Killed Grinder
  4869 | D:5      | Reached skill level 11 in Spellcasting
  4869 | D:5      | Reached XP level 7. HP: 39/39 MP: 3/23
  5122 | D:5      | Reached skill level 1 in Fire Magic
  5851 | D:5      | Reached skill level 1 in Armour
  5851 | D:5      | Reached XP level 8. HP: 45/45 MP: 25/25
  5977 | D:6      | Found a bloodstained altar of Trog.
  6198 | D:6      | Noticed Pikel
  6238 | D:6      | Noticed a troll
  6494 | D:6      | Killed Pikel
  6661 | D:6      | Reached skill level 5 in Conjurations
  6850 | D:6      | Killed a troll
  6850 | D:6      | Reached skill level 5 in Fire Magic
  6850 | D:6      | Reached XP level 9. HP: 42/49 MP: 8/26
  6966 | D:6      | Found a blossoming altar of Fedhas.
  7021 | D:6      | Found a hazy altar of Hepliaklqana.
  7032 | D:6      | Found a burning altar of Makhleb.
  7281 | D:6      | Found a staircase to the Ecumenical Temple.
  7286 | Temple   | Entered the Ecumenical Temple
  7342 | Temple   | Became a worshipper of Sif Muna the Loreminder
  7874 | D:7      | Learned a level 1 spell: Apportation
  7876 | D:7      | Learned a level 1 spell: Animate Skeleton
  8067 | D:7      | Noticed Joseph
  8083 | D:7      | Killed Joseph
  8616 | D:8      | Noticed a two-headed ogre
  8634 | D:7      | Killed a two-headed ogre
  8634 | D:7      | Reached * piety under Sif Muna
  8634 | D:7      | Reached skill level 5 in Dodging
  8844 | D:8      | Noticed Erica
  8881 | D:8      | Learned a level 2 spell: Ensorcelled Hibernation
  8885 | D:8      | Learned a level 3 spell: Confuse
  8889 | D:8      | Learned a level 3 spell: Dazzling Spray
  8893 | D:8      | Learned a level 3 spell: Tukima's Dance
  8972 | D:8      | Reached XP level 10. HP: 50/55 MP: 27/27
  8981 | D:8      | Killed Erica
  9173 | D:8      | Noticed Prince Ribbit
  9180 | D:8      | Killed Prince Ribbit
  9225 | D:8      | Reached ** piety under Sif Muna
  9477 | D:8      | Found Iloiroe Puupt's Food Shoppe.
 10115 | D:9      | Found a sacrificial altar of Ru.
 10555 | D:9      | Reached skill level 1 in Hexes
 11109 | D:9      | Reached *** piety under Sif Muna
 11414 | D:9      | Noticed a dagger
 11414 | D:9      | Noticed a dagger
 11415 | D:9      | Found a hide-covered altar of Uskayaw.
 11679 | D:9      | Found a staircase to the Orcish Mines.
 11831 | D:10     | Entered Level 10 of the Dungeon
 11873 | D:10     | Noticed a two-headed ogre
 11887 | D:10     | Killed a two-headed ogre
 11887 | D:10     | Reached XP level 11. HP: 59/59 MP: 17/28
 12018 | D:10     | Reached skill level 5 in Hexes
 12208 | D:10     | Noticed a two-headed ogre
 12225 | D:10     | Killed a two-headed ogre
 12546 | D:10     | Reached skill level 10 in Conjurations
 12822 | D:10     | Killed an unseen horror
 12822 | D:10     | Reached skill level 10 in Fire Magic
 13091 | D:11     | Found a staircase to the Lair.
 13189 | D:11     | Paralysed by a hornet for 1 turns
 13206 | D:11     | Reached **** piety under Sif Muna
 13350 | D:11     | Reached skill level 1 in Evocations
 14001 | D:11     | Noticed a tengu warrior
 14031 | D:11     | Killed a tengu warrior
 14324 | D:11     | Found Sebresye's Book Shoppe.
 14420 | D:11     | Noticed an ogre mage
 14428 | D:11     | Killed an ogre mage
 14510 | D:11     | Reached ***** piety under Sif Muna
 14511 | D:11     | Identified Sif Muna's Further Steps in Rites and Rhymes
                  | (Sif Muna gifted it to you on level 11 of the Dungeon)
 14511 | D:11     | Received a gift from Sif Muna
 14661 | D:11     | Learned a level 4 spell: Sticky Flame
 14690 | Lair:1   | Entered Level 1 of the Lair of Beasts
 14825 | Lair:1   | Found a dark tunnel.
 14842 | Volcano  | Entered a volcano
 14902 | Volcano  | Noticed a two-headed ogre
 14915 | Volcano  | Killed a two-headed ogre
 14915 | Volcano  | Reached XP level 12. HP: 19/62 MP: 16/29
 15140 | Volcano  | Noticed a two-headed ogre
 15147 | Volcano  | Killed a two-headed ogre
 15266 | Volcano  | Noticed a red draconian
 15282 | Volcano  | Killed a red draconian
 15328 | Volcano  | Noticed an ogre mage
 15329 | Volcano  | Noticed a two-headed ogre
 15500 | Lair:1   | Reached skill level 5 in Evocations
 15523 | Lair:1   | Noticed an eight-headed hydra
 15530 | Lair:1   | Killed an eight-headed hydra
 15804 | Lair:1   | Reached skill level 12 in Spellcasting
 16025 | Lair:1   | Reached skill level 1 in Invocations
 16411 | Lair:1   | Learned a level 4 spell: Iskenderun's Mystic Blast
 17064 | Lair:3   | Noticed Sonja
 17070 | Lair:3   | Killed Sonja
 17070 | Lair:3   | Reached skill level 13 in Spellcasting
 17098 | Lair:3   | Noticed Rupert
 17171 | Lair:3   | Noticed Urug
 17183 | Lair:3   | Killed Urug
 17190 | Lair:3   | Reached skill level 5 in Invocations
 17304 | Lair:3   | Identified a scroll of acquirement
 17455 | Lair:3   | Killed Rupert
 17455 | Lair:3   | Reached skill level 14 in Spellcasting
 17554 | Lair:3   | Reached XP level 13. HP: 69/69 MP: 25/33
 17633 | Lair:3   | Found a staircase to the Shoals.
 18310 | Lair:4   | Found a staircase to the Snake Pit.
 18336 | Lair:4   | Received a gift from Sif Muna
 18586 | Lair:4   | Reached skill level 15 in Spellcasting
 20120 | Lair:5   | Reached skill level 10 in Invocations
 20449 | Lair:5   | Found a staircase to the Slime Pits.
 21029 | Lair:6   | Entered Level 6 of the Lair of Beasts
 22339 | Lair:6   | Reached XP level 14. HP: 74/74 MP: 17/35
 22486 | Lair:6   | Slain by a komodo dragon

Vault maps used:
D:1:      lightli_arrival_boilingwater
D:2:      uniq_robin
D:3:      gammafunk_wand_slinger, grunt_temple_overflow_order_and_chaos_1,
          nemelex_xobeh_ov_fountains_minmay, grunt_gozag_breadcrumbs,
          serial_glass, glass_columns_a, glass_columns_c, glass_columns_a,
          glass_columns_b, glass_columns_b, first_ration,
          trog_three_pillars_becter
D:4:      kennysheep_little_box, ashenzari_conservatory_becter, vehumet_statue
D:5:      slow_altar_1, gammafunk_ghost_grave, uniq_grinder
D:6:      amethyst_overflow_temple_binary, fedhas_altar_3,
          minmay_temple_entry_nine_rooms, trog_butcher_becter, uniq_pikel
D:7:      uniq_joseph
D:8:      serial_shops, shop, blue_anna_alchemist, minmay_misc_feat_encased,
          minivault_22, uniq_prince_ribbit1, uniq_erica
D:9:      dancing_weapons_uskayaw, orc_0_dummy, nicolae_ru_the_path_less_chosen
D:11:     minmay_blocky_corners, erik_lair_orcish_takeover, serial_shops, shop
Temple:   jpeg_temple_alley_garden
Lair:1:   minmay_lair_venomous_thicket, enter_volcano_1, lemuel_fruit_fields,
          minmay_lair_oklob_chamber
Lair:2:   minivault_26
Lair:3:   elwin_shoals_entry_stream, serial_bayou_shore_b, uniq_urug,
          uniq_rupert, uniq_sonja
Lair:4:   onia_ninara_swampy_vault, guppyfry_snake_entry_island,
          infiniplex_staircase_pool_2
Lair:5:   minmay_slime_entry_pillars, serial_bayou, serial_bayou_lagoon_a,
          serial_bayou_pond_d, serial_bayou_pond_c, serial_bayou_pond_c,
          grunt_forest_small_clearing_treed, serial_bayou_shore_b
Lair:6:   guppyfry_lair_end_dragon, hangedman_lair_unloving_vines
Volcano:  volcano_pools

Skill      XL: |  1  2  3  4  5  6  7  8  9 10 11 12 13 |
---------------+----------------------------------------+-----
Spellcasting   | 5 6 8 9 11 14 15 | 15.0
Fire Magic     | 2 5 7 9 11 12 | 12.2
Conjurations   | 3 5 7 9 11 12 | 12.2
Armour         | 1 3 4 |  4.1
Dodging        | 5 7 |  7.8
Hexes          | 4 8 9 |  9.0
Evocations     | 4 5 |  5.0
Invocations    | 6 10 | 10.4
Stealth        | |  2.4
Summonings     | |  1.1
Translocations | |  1.1

Action                   |  1- 3 |  4- 6 |  7- 9 | 10-12 | 13-15 || total
-------------------------+-------+-------+-------+-------+-------++-------
Melee: Dagger            |    12 |    54 |     9 |       |    45 ||   120
       Hand axe          |       |       |   151 |   379 |     6 ||   536
       Headbutt          |       |       |    15 |    43 |     5 ||    63
       Morningstar       |       |       |       |     8 |       ||     8
 Cast: Magic Dart        |    67 |   108 |   122 |   244 |    56 ||   597
       Call Imp          |    11 |    24 |    38 |       |       ||    73
       Mephitic Cloud    |       |     5 |    17 |    46 |       ||    68
       Conjure Flame     |       |    11 |    20 |    87 |     1 ||   119
       Blink             |       |     1 |     5 |    14 |     8 ||    28
       Slow              |       |       |     3 |       |       ||     3
       Dazzling Spray    |       |       |       |    46 |    38 ||    84
       Confuse           |       |       |       |    21 |    15 ||    36
       Ensorcelled Hiber |       |       |       |     6 |       ||     6
       Sticky Flame      |       |       |       |    18 |    49 ||    67
       Apportation       |       |       |       |     2 |     1 ||     3
       Tukima's Dance    |       |       |       |     3 |       ||     3
       Iskenderun's Myst |       |       |       |    55 |   181 ||   236
Invok: Divine Energy     |       |       |       |     1 |       ||     1
       Channel Magic     |       |       |       |     2 |     4 ||     6
Evoke: Wand              |       |       |       |    11 |     2 ||    13
  Use: Potion            |       |     4 |     2 |     1 |     1 ||     8
       Scroll            |       |     1 |     9 |    14 |     5 ||    29
 Stab: Distracted        |       |     1 |       |       |       ||     1
       Confused          |       |       |     1 |    11 |     3 ||    15
       Sleeping          |       |       |       |     3 |       ||     3
       Invisible         |       |       |       |       |     3 ||     3
  Eat: Chunk             |     2 |     6 |    10 |    11 |     4 ||    33
       Ration            |       |     1 |     1 |     5 |     4 ||    11
Armor: Robe              |     5 |    39 |    24 |       |       ||    68
       Ring mail         |       |       |    42 |   229 |    76 ||   347
       Acid dragon scale |       |       |       |       |     3 ||     3
       Leather armour    |       |       |       |       |     3 ||     3
Dodge: Dodged            |    11 |    70 |   128 |   250 |    92 ||   551

Table legend:
 A = Non-vault XP
 B = Vault XP
 C = Vault XP percentage of total XP
 D = Non-vault monster count
 E = Vault monster count
 F = Vault count percentage of total count
                 A         B        C        D         E       F
            +---------+---------+-------+---------+---------+-------
      Total |   40025 |   25181 |  38.6 |     370 |      90 |  19.6
            +---------+---------+-------+---------+---------+-------
        D:1 |      19 |       0 |   0.0 |      10 |       0 |   0.0
        D:2 |      69 |      31 |  31.0 |      13 |      13 |  50.0
        D:3 |      46 |       0 |   0.0 |      24 |       0 |   0.0
        D:4 |      96 |       0 |   0.0 |       9 |       0 |   0.0
        D:5 |     881 |     324 |  26.9 |      36 |       2 |   5.3
        D:6 |    1093 |     587 |  34.9 |      17 |       5 |  22.7
        D:7 |    1598 |     430 |  21.2 |      30 |       1 |   3.2
        D:8 |    1510 |    1299 |  46.2 |      32 |       3 |   8.6
        D:9 |    2070 |       0 |   0.0 |      35 |       0 |   0.0
       D:10 |    3914 |      93 |   2.3 |      16 |       1 |   5.9
       D:11 |    3506 |    3108 |  47.0 |      51 |      11 |  17.7
     Lair:1 |    2581 |    2271 |  46.8 |       9 |      12 |  57.1
     Lair:2 |    1232 |       0 |   0.0 |       7 |       0 |   0.0
     Lair:3 |    4972 |    6570 |  56.9 |      23 |       8 |  25.8
     Lair:4 |    3862 |    4104 |  51.5 |      14 |      15 |  51.7
     Lair:5 |    8564 |     383 |   4.3 |      29 |       4 |  12.1
     Lair:6 |    4012 |    3012 |  42.9 |      15 |      12 |  44.4
    Volcano |       0 |    2969 | 100.0 |       0 |       3 | 100.0
            +---------+---------+-------+---------+---------+-------
